[Event "FIDE World Rapid Chess Championship 2021"]
[White "Bartel, Mateusz"]
[Black "Aditya, Mittal"]
[WhiteFideId "1112635"]
[BlackFideId "35042025"]
[WhiteElo "2543"]
[BlackElo "1488"]
[Result "1/2-1/2"]
[Round "03"]
[TimeControl "900+10"]
[Date "2021.12.26"]
[WhiteClock "0:02:55"]
[BlackClock "0:00:57"]

1. e4 e5 2. Nf3 Nc6 3. Bc4 Bc5 4. c3 Nf6 5. d3 d6 6. O-O h6 7. Nbd2 a5 8. Re1 O-O 9. Nf1 a4 10. Ng3 Ra5 11. b4 axb3 12. Bxb3 Be6 13. Bb2 Bb6 14. d4 Bg4 15. Re3 d5 16. exd5 Nxd5 17. Re4 Nf6 18. Re3 exd4 19. cxd4 Bxf3 20. Qxf3 Nxd4 21. Bxd4 Qxd4 22. Rd1 Qg4 23. Re7 Qxf3 24. gxf3 g6 25. Kg2 Kg7 26. f4 Raa8 27. Kf3 Rae8 28. Re5 Rd8 29. Rxd8 Rxd8 30. Re7 Rd7 31. Rxd7 Nxd7 32. f5 Ne5+ 33. Kg2 Kf6 34. fxg6 fxg6 35. f4 Nd3 36. Kf3 c6 37. Bc4 Nb4 38. Ke4 Bf2 39. Ne2 b5 40. Bg8 Na6 41. Kf3 Bb6 42. Ng3 c5 43. Ne4+ Kg7 44. Be6 Nc7 45. f5 gxf5 46. Bxf5 c4 47. h3 Bd4 48. Ke2 Be5 49. Bd7 Kf7 50. Kd2 Ke7 51. Bc6 Ke6 52. Kc2 Bd4 53. a3 Ke5 54. Nd2 Be3 55. Ne4 Ne6 56. Bb7 Nd4+ 57. Kb2 Bf4 58. Ba8 Be3 59. Bb7 Ne2 60. Kc2 Nf4 61. Nc3 Nxh3 62. Nxb5 h5 63. Kc3 h4 64. Kxc4 Nf2 65. Nc3 h3 66. Ne2 h2 67. Ng3 Bf4 68. Nf1 h1=Q 69. Bxh1 Nxh1 70. a4 Nf2 71. a5 Kd6 72. Kd4 Kc6 73. Ne3 Kb5 74. Nd5 Bd6 75. Nc3+ Kxa5 1/2-1/2


[Site "http://www.Chess.com"]

[Event "FIDE World Rapid Chess Championship 2021"]
[White "Karjakin, Sergey"]
[Black "Nguyen, Thai Dai Van"]
[WhiteFideId "14109603"]
[BlackFideId "358878"]
[WhiteElo "2757"]
[BlackElo "2488"]
[Result "1/2-1/2"]
[Round "03"]
[TimeControl "900+10"]
[Date "2021.12.26"]
[WhiteClock "0:00:39"]
[BlackClock "0:00:51"]

1. d4 Nf6 2. c4 e6 3. Nf3 d5 4. Nc3 Nbd7 5. Qc2 dxc4 6. e4 c5 7. Bxc4 cxd4 8. Nxd4 Qc7 9. Qe2 a6 10. O-O Bd6 11. f4 Nb6 12. Bb3 e5 13. Nf3 Bg4 14. fxe5 Bxe5 15. Qf2 Bxf3 16. gxf3 O-O 17. Ne2 Rfe8 18. Be3 Nc4 19. Rac1 b5 20. Bxc4 bxc4 21. b3 Qa5 22. Rxc4 Qxa2 23. Nd4 Qxf2+ 24. Bxf2 Rab8 25. b4 Bf4 26. Nc6 Rb5 27. Bc5 Nd7 28. Ne7+ Kh8 29. Nd5 Bb8 30. Bd4 Ne5 31. Rc3 Bd6 32. Rfc1 Rbb8 33. Kg2 f6 34. Ba7 Rb7 35. Rc8 Rg8 36. Rxg8+ Kxg8 37. Rc8+ Kf7 38. Bc5 Rb8 39. Rxb8 Bxb8 40. f4 Nd3 41. Kf3 g5 42. fxg5 fxg5 43. Be7 Kg6 44. h3 h5 45. Ke3 Ne5 46. Bd8 Nc6 47. Bb6 Bd6 48. Ba5 Kf7 49. Kf3 Ke6 50. Ke3 Ke5 51. Kd3 Ke6 52. Ke3 Ke5 53. Kd3 g4 54. hxg4 hxg4 55. Ke3 Nd4 56. Kd3 g3 57. Ke3 g2 58. Kf2 Kxe4 59. Nf6+ Kf5 60. Nd7 Nc6 61. Kxg2 Ke6 62. Nb6 Bxb4 63. Bxb4 Nxb4 64. Kf3 Kd6 65. Ke2 Kc5 66. Na4+ Kc4 67. Kd2 a5 68. Kc1 1/2-1/2


[Site "http://www.Chess.com"]

[Event "FIDE World Rapid Chess Championship 2021"]
[White "Gajewski, Grzegorz"]
[Black "Oparin, Grigoriy"]
[WhiteFideId "1116207"]
[BlackFideId "24125890"]
[WhiteElo "2496"]
[BlackElo "2725"]
[Result "1/2-1/2"]
[Round "03"]
[TimeControl "900+10"]
[Date "2021.12.26"]
[WhiteClock "0:00:40"]
[BlackClock "0:00:34"]

1. e4 e5 2. Nf3 Nc6 3. Bb5 a6 4. Ba4 Nf6 5. O-O Be7 6. Re1 b5 7. Bb3 O-O 8. d4 d6 9. c3 Bg4 10. d5 Na5 11. Bc2 c6 12. h3 Bc8 13. dxc6 Qc7 14. Nbd2 Qxc6 15. Nf1 Be6 16. Ng5 Bd7 17. Ng3 h6 18. Nf3 Rfe8 19. Nh4 Bf8 20. Nhf5 Nc4 21. a4 Rad8 22. b3 Nb6 23. a5 Bxf5 24. Nxf5 Nbd7 25. c4 bxc4 26. bxc4 Qxc4 27. Bb3 Qc7 28. Ba3 Nc5 29. Bxc5 Qxc5 30. Qe2 d5 31. exd5 Nxd5 32. Qxa6 e4 33. Qb7 Ne7 34. Ng3 Rb8 35. Qd7 Red8 36. Qa4 Qb4 37. Qxb4 Rxb4 38. Re3 Nc6 39. Nxe4 Nd4 40. Bd1 Ra8 41. Nc3 Ra6 42. Re8 g6 43. Nd5 Rb5 44. Rd8 Ne6 45. Nf6+ Kg7 46. Ne8+ Kg8 47. Rd7 Rbxa5 48. Rxa5 Rxa5 49. Bb3 Re5 50. Nf6+ Kg7 51. Ng4 Re1+ 52. Kh2 Bc5 53. f4 Bg1+ 54. Kg3 h5 55. Bxe6 Rxe6 56. Ne5 Rf6 57. Kf3 Bh2 58. g3 Bg1 59. Ke4 Bh2 60. Kf3 Bg1 61. Ke4 1/2-1/2


[Site "http://www.Chess.com"]

[Event "FIDE World Rapid Chess Championship 2021"]
[White "Puranik, Abhimanyu"]
[Black "Harikrishna, Pentala"]
[WhiteFideId "5061245"]
[BlackFideId "5007003"]
[WhiteElo "2472"]
[BlackElo "2705"]
[Result "1/2-1/2"]
[Round "03"]
[TimeControl "900+10"]
[Date "2021.12.26"]
[WhiteClock "0:01:19"]
[BlackClock "0:00:36"]

1. d4 Nf6 2. c4 g6 3. Nf3 Bg7 4. g3 O-O 5. Bg2 d6 6. O-O Nbd7 7. Qc2 e5 8. Rd1 exd4 9. Nxd4 a6 10. Nc3 Re8 11. b3 Rb8 12. h3 Ne5 13. e4 c5 14. Nde2 b5 15. cxb5 axb5 16. Bf4 b4 17. Na4 Qe7 18. Rac1 Ba6 19. Rd2 Bb5 20. Nb2 Nfd7 21. Rcd1 Ra8 22. Nc1 Ra6 23. Be3 Nf6 24. g4 h6 25. f4 Ned7 26. e5 dxe5 27. f5 gxf5 28. Qxf5 e4 29. Nc4 Bxc4 30. Rxd7 Nxd7 31. Rxd7 Qh4 32. Bf2 Qg5 33. Qxg5 hxg5 34. bxc4 Bb2 35. Nb3 Rxa2 36. Bxc5 Ra3 37. Nd4 Rd3 38. Rd5 Rd1+ 39. Bf1 e3 40. Rxg5+ Kh7 41. Ne2 b3 42. Rh5+ Kg8 43. Rg5+ Bg7 44. Bd4 Rxd4 45. Nxd4 b2 46. Bd3 e2 47. Nxe2 Re3 48. Bb1 Rxe2 49. Rf5 Bd4+ 50. Kf1 Rh2 51. Be4 Rh1+ 52. Ke2 b1=Q 53. Bxb1 Rxb1 54. Kd3 Bg1 55. Ke4 Re1+ 56. Kd5 Rd1+ 57. Kc6 Rd3 58. h4 Rd4 59. Rg5+ Kf8 60. c5 Rc4 61. Kb5 Rc1 62. Rf5 Ke7 63. g5 Bd4 64. Rd5 Bf2 65. Re5+ Kd7 66. h5 Rb1+ 67. Kc4 Rc1+ 68. Kb5 Rb1+ 69. Kc4 Bg3 70. Rf5 Ke6 71. Rf6+ Ke7 72. Rf3 Be5 73. Kd5 Bb8 74. g6 fxg6 75. hxg6 Rg1 76. Rf7+ Ke8 77. Rb7 Rg5+ 78. Kc4 Be5 79. Rb6 Ke7 80. Ra6 Bf6 81. Ra7+ Ke6 82. Ra6+ Ke5 83. c6 Bd8 84. Ra7 Rxg6 85. c7 Rc6+ 86. Kb5 Rxc7 87. Rxc7 Bxc7 1/2-1/2


[Site "http://www.Chess.com"]

[Event "FIDE World Rapid Chess Championship 2021"]
[White "Janik, Igor"]
[Black "Mamedov, Rauf"]
[WhiteFideId "1159259"]
[BlackFideId "13401653"]
[WhiteElo "2462"]
[BlackElo "2690"]
[Result "0-1"]
[Round "03"]
[TimeControl "900+10"]
[Date "2021.12.26"]
[WhiteClock "0:00:14"]
[BlackClock "0:01:41"]

1. d4 d5 2. c4 c6 3. Nf3 Nf6 4. Nc3 dxc4 5. a4 e6 6. e3 c5 7. Bxc4 cxd4 8. exd4 Be7 9. O-O O-O 10. Qe2 Nc6 11. Rd1 Nd5 12. Qe4 Nf6 13. Qh4 Nb4 14. Ne5 Bd7 15. Bg5 Bc6 16. Nxc6 bxc6 17. Ne4 Nfd5 18. Bxd5 Nxd5 19. Bxe7 Nxe7 20. Nc5 Rb8 21. b3 Rb4 22. Qe4 Qd6 23. Qe5 Rd8 24. Ne4 Qd7 25. Nc5 Qd6 26. Ne4 Qd5 27. Nc5 Nf5 28. Qxd5 Rxd5 29. Rac1 h5 30. Kf1 Nxd4 31. Rd3 Kf8 32. Rcc3 Ke7 33. Na6 Rb6 34. Nc5 h4 35. h3 e5 36. Re3 f5 37. Red3 Kd6 38. a5 Rb5 0-1


[Site "http://www.Chess.com"]

[Event "FIDE World Rapid Chess Championship 2021"]
[White "Postny, Evgeny"]
[Black "Howell, David W L"]
[WhiteFideId "2804344"]
[BlackFideId "410608"]
[WhiteElo "2454"]
[BlackElo "2624"]
[Result "0-1"]
[Round "03"]
[TimeControl "900+10"]
[Date "2021.12.26"]
[WhiteClock "0:02:27"]
[BlackClock "0:07:34"]

1. e4 e5 2. Nf3 Nc6 3. Bb5 Nge7 4. Nc3 Ng6 5. d4 exd4 6. Nxd4 Nxd4 7. Qxd4 c6 8. Be2 Qb6 9. Qd3 Be7 10. O-O O-O 11. Be3 Qxb2 12. f4 Qa3 13. Bd4 d6 14. f5 Ne5 15. Qg3 Kh8 16. f6 gxf6 17. Qh4 Rg8 18. Rxf6 Rg6 19. Raf1 Qb4 20. Nb5 cxb5 21. c3 Qb2 0-1


[Site "http://www.Chess.com"]

[Event "FIDE World Rapid Chess Championship 2021"]
[White "Heimann, Andreas"]
[Black "Sadhwani, Raunak"]
[WhiteFideId "24624632"]
[BlackFideId "35093487"]
[WhiteElo "2616"]
[BlackElo "2454"]
[Result "1-0"]
[Round "03"]
[TimeControl "900+10"]
[Date "2021.12.26"]
[WhiteClock "0:00:52"]
[BlackClock "0:00:16"]

1. e4 c5 2. Nf3 Nc6 3. Bb5 g6 4. O-O Bg7 5. Nc3 e5 6. a3 Nge7 7. b4 d6 8. bxc5 dxc5 9. d3 O-O 10. Bc4 h6 11. Re1 Kh7 12. Nd5 Be6 13. Nxe7 Qxe7 14. Nd2 Rad8 15. a4 b6 16. Bb2 h5 17. Bxe6 Qxe6 18. Nc4 Bh6 19. Bc3 h4 20. h3 Bf4 21. Rb1 Rb8 22. Rb5 Qd7 23. Qg4 Qe7 24. Reb1 Rbc8 25. a5 bxa5 26. Rb7 Qf6 27. Bxa5 Rb8 28. Bc3 Rxb7 29. Rxb7 Kg8 30. Rc7 Rb8 31. Rc8+ Rxc8 32. Qxc8+ Kg7 33. Qd7 Qe6 34. Qc7 a6 35. Kf1 Kg8 36. Qb6 Nd4 37. Qxc5 Nxc2 38. Bxe5 Bxe5 39. Nxe5 Qa2 40. Kg1 Nb4 41. Nd7 Qe6 42. Qc8+ Kg7 43. Qc3+ f6 44. Nc5 Qb6 45. Qd4 Qb5 46. Qd6 Qe8 47. Ne6+ Kf7 48. Nf4 Qe7 49. Qd4 a5 50. Qc4+ Kg7 51. Ne6+ Kh7 52. Nc5 Qc7 53. d4 Nc6 54. Qd5 Qf4 55. Qf7+ Kh6 56. Ne6 Qc1+ 57. Kh2 a4 58. f4 1-0


[Site "http://www.Chess.com"]

[Event "FIDE World Rapid Chess Championship 2021"]
[White "Gumularz, Szymon"]
[Black "Timofeev, Artyom"]
[WhiteFideId "1188062"]
[BlackFideId "4140419"]
[WhiteElo "2452"]
[BlackElo "2591"]
[Result "1-0"]
[Round "03"]
[TimeControl "900+10"]
[Date "2021.12.26"]
[WhiteClock "0:00:00"]
[BlackClock "0:00:13"]

1. Nf3 Nf6 2. c4 e6 3. Nc3 d5 4. d4 Be7 5. Qc2 O-O 6. cxd5 exd5 7. Bg5 c6 8. e3 Nbd7 9. Bd3 Re8 10. O-O Nf8 11. h3 Ne4 12. Bf4 Nxc3 13. bxc3 Bd6 14. Bxd6 Qxd6 15. c4 dxc4 16. Bxc4 Be6 17. Rab1 b6 18. a4 c5 19. d5 Bd7 20. Rfd1 Ng6 21. Bb5 Bxb5 22. axb5 Rad8 23. Ra1 Rd7 24. Ra4 h6 25. Qa2 Ree7 26. e4 Kh7 27. g3 f5 28. exf5 Ne5 29. Rf4 Nxf3+ 30. Rxf3 Re5 31. Qc2 Rxd5 32. f6+ Kg8 33. Qc4 Kf8 34. fxg7+ Kxg7 35. Rxd5 Qxd5 36. Qf4 c4 37. Qf8+ Kh7 38. Rf6 Rg7 39. Qe8 Qd4 40. Rf3 c3 41. Qc6 Qd1+ 42. Kg2 c2 43. Rc3 Rxg3+ 44. Kxg3 Qg1+ 45. Kf3 Qh1+ 46. Kf4 Qc1+ 47. Kf5 Qg5+ 48. Ke6 Qg6+ 49. Kd7 Qf7+ 50. Kc8 1-0


[Site "http://www.Chess.com"]

[Event "FIDE World Rapid Chess Championship 2021"]
[White "Krasenkow, Michal"]
[Black "Dvirnyy, Danyyil"]
[WhiteFideId "1113100"]
[BlackFideId "817570"]
[WhiteElo "2430"]
[BlackElo "2550"]
[Result "1-0"]
[Round "03"]
[TimeControl "900+10"]
[Date "2021.12.26"]
[WhiteClock "0:00:42"]
[BlackClock "0:00:47"]

1. d4 Nf6 2. c4 e6 3. Nc3 Bb4 4. e3 O-O 5. Bd2 b6 6. Nf3 d5 7. cxd5 exd5 8. Bd3 Ba6 9. Bxa6 Nxa6 10. O-O Qc8 11. Rc1 Qb7 12. Nb5 Be7 13. Ne5 c5 14. Qf3 Rac8 15. Rfd1 Ne4 16. Nc3 cxd4 17. exd4 Nxd2 18. Qxd5 Rc7 19. f4 Qc8 20. Rxd2 Nb4 21. Qb3 Qe6 22. d5 Bc5+ 23. Kh1 Qf5 24. Rf1 Re7 25. Rdd1 Na6 26. Qc4 Nb8 27. d6 Re6 28. Nd5 Qh5 29. Ne7+ Kh8 30. g4 Qh6 31. Nf5 Qf6 32. b4 Bxd6 33. Rxd6 Rxd6 34. Nxd6 1-0


[Site "http://www.Chess.com"]

[Event "FIDE World Rapid Chess Championship 2021"]
[White "Mikhalevski, Victor"]
[Black "Zvjaginsev, Vadim"]
[WhiteFideId "2801914"]
[BlackFideId "4113403"]
[WhiteElo "2366"]
[BlackElo "2539"]
[Result "0-1"]
[Round "03"]
[TimeControl "900+10"]
[Date "2021.12.26"]
[WhiteClock "0:12:13"]
[BlackClock "0:15:10"]

1. e4 c5 2. Nf3 d6 3. d4 cxd4 4. Nxd4 Nf6 5. Nc3 a6 6. Be3 e5 7. Nb3 Be6 8. h3 Be7 9. Qf3 Nbd7 10. O-O-O Rc8 11. Nd5 O-O 12. g4 Bxd5 13. exd5 Qc7 14. c3 Nb6 15. g5 e4 16. Bxb6 Qxb6 17. Qe2 Nd7 18. h4 Ne5 19. Bh3 Nd3+ 20. Rxd3 exd3 21. Qxd3 Rce8 22. Nd4 Qa5 23. Nf5 Qc5 24. Ne3 Bd8 25. Bf5 g6 26. Be4 f5 27. gxf6 Bxf6 28. h5 Bg5 29. Kb1 Rxf2 30. Nc2 Rd2 31. Qf3 Qf2 32. hxg6 h6 33. Qg4 Qe2 34. Qxe2 Rxe2 35. Bf5 R8e5 36. Nd4 Re1+ 37. Rxe1 Rxe1+ 38. Kc2 Bf6 39. Be6+ Kf8 40. Nf5 h5 41. Nxd6 h4 42. Bf5 Re5 43. Bh3 Rxd5 44. Nxb7 Rg5 45. Nd6 Rg3 46. Bc8 h3 47. Bxa6 Rg2+ 48. Kb3 h2 0-1


[Site "http://www.Chess.com"]

[Event "FIDE World Rapid Chess Championship 2021"]
[White "Nasuta, Grzegorz"]
[Black "Gabuzyan, Hovhannes"]
[WhiteFideId "1141686"]
[BlackFideId "13303732"]
[WhiteElo "2345"]
[BlackElo "2535"]
[Result "1-0"]
[Round "03"]
[TimeControl "900+10"]
[Date "2021.12.26"]
[WhiteClock "0:01:09"]
[BlackClock "0:00:00"]

1. e4 e5 2. Nf3 Nc6 3. Nc3 Nf6 4. a3 Bd6 5. Bc4 O-O 6. d3 a6 7. O-O b5 8. Ba2 Bb7 9. Ne2 Be7 10. Ng3 d6 11. h3 Nd7 12. Nf5 Bf6 13. Nh2 Ne7 14. Ne3 Ng6 15. g3 Nc5 16. h4 Kh8 17. Nhg4 Ne7 18. Nxf6 gxf6 19. Qf3 Ng8 20. Nf5 Bc8 21. Be3 Bxf5 22. Qxf5 Qd7 23. Qh5 Ne6 24. f4 c6 25. f5 Ng7 26. Qf3 Rfd8 27. g4 d5 28. g5 Qd6 29. Kh1 Rd7 30. Rg1 Rad8 31. Rg2 fxg5 32. hxg5 dxe4 33. dxe4 Qf8 34. Rh2 h6 35. Rg1 Ne8 36. gxh6 Ngf6 37. h7 Rd6 38. Bh6 Qe7 39. Qg2 Rd1 40. Bg7+ 1-0


[Site "http://www.Chess.com"]

[Event "FIDE World Rapid Chess Championship 2021"]
[White "Kuzmicz, Krystian"]
[Black "Durarbayli, Vasif"]
[WhiteFideId "1119125"]
[BlackFideId "13402935"]
[WhiteElo "2314"]
[BlackElo "2532"]
[Result "0-1"]
[Round "03"]
[TimeControl "900+10"]
[Date "2021.12.26"]
[WhiteClock "0:00:20"]
[BlackClock "0:00:16"]

1. Nf3 d5 2. c4 d4 3. e3 Nc6 4. exd4 Nxd4 5. Nxd4 Qxd4 6. Be2 Nh6 7. Nc3 c6 8. O-O Nf5 9. d3 g6 10. g4 Ng7 11. Be3 Qd7 12. d4 h5 13. h3 hxg4 14. hxg4 f5 15. d5 fxg4 16. Qd4 g3 17. fxg3 Qh3 18. Kf2 Nf5 19. Qg4 Qxg4 20. Bxg4 Rh2+ 21. Kg1 Rg2+ 22. Kxg2 Nxe3+ 23. Kf3 Nxg4 24. Rh1 Bg7 25. Rae1 Kf8 26. Kf4 Bf5 27. Kg5 Nf2 28. Rh4 Bf6+ 29. Kh6 Kf7 0-1


[Site "http://www.Chess.com"]

[Event "FIDE World Rapid Chess Championship 2021"]
[White "Lubczynski, Rafal"]
[Black "Christiansen, Johan-Sebastian"]
[WhiteFideId "1126091"]
[BlackFideId "1512668"]
[WhiteElo "2289"]
[BlackElo "2522"]
[Result "0-1"]
[Round "03"]
[TimeControl "900+10"]
[Date "2021.12.26"]
[WhiteClock "0:00:03"]
[BlackClock "0:03:39"]

1. d4 Nf6 2. c4 e6 3. Nc3 Bb4 4. Nf3 b6 5. e3 Bb7 6. Bd3 O-O 7. O-O Bxc3 8. bxc3 d6 9. Ne1 e5 10. f3 e4 11. Be2 Nc6 12. f4 Na5 13. Nc2 Ba6 14. Na3 Qd7 15. Bd2 Qc6 16. f5 Nxc4 17. Nxc4 Bxc4 18. g4 Nd5 19. g5 f6 20. h4 Rae8 21. Rf2 Re7 22. Kh2 Bd3 23. Bxd3 exd3 24. Qf3 fxg5 25. hxg5 Ref7 26. e4 Ne7 27. d5 Qc4 28. Rh1 Nxf5 29. g6 hxg6 30. Kg1 Nh6 0-1


[Site "http://www.Chess.com"]

[Event "FIDE World Rapid Chess Championship 2021"]
[White "Moroni, Luca Jr"]
[Black "Martirosyan, Haik M."]
[WhiteFideId "865834"]
[BlackFideId "13306553"]
[WhiteElo "2519"]
[BlackElo "2377"]
[Result "0-1"]
[Round "03"]
[TimeControl "900+10"]
[Date "2021.12.26"]
[WhiteClock "0:00:21"]
[BlackClock "0:00:17"]

1. e4 e5 2. Nf3 Nf6 3. Nxe5 d6 4. Nf3 Nxe4 5. d4 d5 6. Bd3 Bd6 7. O-O O-O 8. c4 c6 9. Nc3 Nxc3 10. bxc3 dxc4 11. Bxc4 Bf5 12. Bd3 Bxd3 13. Qxd3 Nd7 14. Rb1 b6 15. c4 Re8 16. Bg5 Qc7 17. Rfe1 Nf8 18. g3 Ne6 19. Be3 Rad8 20. Qc2 Bf8 21. Rbd1 g6 22. Qc1 Bg7 23. Bh6 Bh8 24. Re4 Re7 25. Qe3 Bf6 26. Ne5 Nc5 27. Re1 Nxe4 28. Qxe4 Bg7 29. Bxg7 Kxg7 30. Qh4 c5 31. Re4 h5 32. Rf4 Rd6 33. g4 cxd4 34. Nf3 d3 35. gxh5 d2 36. Nxd2 Rxd2 37. Qf6+ Kh6 38. Qh8+ Kg5 39. Qf6+ Kh6 40. Qh8+ Kg5 41. Qf6+ Kh6 42. Qh8+ 0-1


[Site "http://www.Chess.com"]

[Event "FIDE World Rapid Chess Championship 2021"]
[White "Sanal, Vahap"]
[Black "Sankalp, Gupta"]
[WhiteFideId "6300545"]
[BlackFideId "5097010"]
[WhiteElo "2509"]
[BlackElo "2266"]
[Result "0-1"]
[Round "03"]
[TimeControl "900+10"]
[Date "2021.12.26"]
[WhiteClock "0:02:41"]
[BlackClock "0:08:02"]

1. e4 c5 2. Nf3 Nc6 3. c3 d5 4. exd5 Qxd5 5. d4 Bf5 6. Be3 cxd4 7. cxd4 Bxb1 8. Qxb1 e6 9. a3 Nf6 10. Be2 Bd6 11. O-O O-O 12. Rd1 Rfd8 13. Qd3 Bc7 14. Rac1 Bb6 15. Qb1 h6 16. h3 Rd7 17. Bc4 Qh5 18. Be2 Rad8 19. Kf1 Qd5 20. Bc4 Qd6 21. Bb5 Rc7 22. Kg1 Rcc8 23. Bc4 Qe7 24. Qa2 Nd5 25. Re1 Qf6 26. Rcd1 Nf4 27. Bxf4 Qxf4 28. d5 Nd4 29. Rxd4 Bxd4 30. dxe6 Rxc4 31. Nxd4 Rcxd4 0-1


[Site "http://www.Chess.com"]

[Event "FIDE World Rapid Chess Championship 2021"]
[White "Toczek, Grzegorz"]
[Black "Shevchenko, Kirill"]
[WhiteFideId "1106457"]
[BlackFideId "14129574"]
[WhiteElo "2220"]
[BlackElo "2508"]
[Result "0-1"]
[Round "03"]
[TimeControl "900+10"]
[Date "2021.12.26"]
[WhiteClock "0:00:08"]
[BlackClock "0:00:28"]

1. e4 c5 2. Nc3 Nc6 3. Nge2 Nd4 4. b3 g6 5. Nxd4 cxd4 6. Ne2 Bg7 7. Bb2 e5 8. c3 dxc3 9. dxc3 Nf6 10. Ng3 O-O 11. c4 h5 12. Bd3 h4 13. Nf1 b5 14. cxb5 h3 15. gxh3 d5 16. Nd2 Bb7 17. Qe2 Nh5 18. O-O-O Nf4 19. Qf1 Qa5 20. Kb1 a6 21. b6 Qxb6 22. exd5 Bxd5 23. Be4 Rad8 24. Bxd5 Rxd5 25. Nc4 Qe6 26. Ne3 Rd4 27. Nc2 Qf5 28. Qxa6 Rc8 29. Rxd4 exd4 30. Rc1 d3 31. Nd4 Rxc1+ 32. Kxc1 Qe4 33. Qc8+ Kh7 34. Qg4 Bxd4 35. Qh4+ Kg7 36. Bxd4+ Qxd4 37. Kd2 Qb2+ 38. Ke3 Ng2+ 0-1


[Site "http://www.Chess.com"]

[Event "FIDE World Rapid Chess Championship 2021"]
[White "Kadric, Denis"]
[Black "Klimkowski, Jan"]
[WhiteFideId "14403803"]
[BlackFideId "21856222"]
[WhiteElo "2542"]
[BlackElo "2211"]
[Result "1/2-1/2"]
[Round "03"]
[TimeControl "900+10"]
[Date "2021.12.26"]
[WhiteClock "0:00:22"]
[BlackClock "0:00:17"]

1. e4 d6 2. d4 Nf6 3. Nc3 e5 4. Nf3 Nbd7 5. Bc4 Be7 6. O-O O-O 7. a4 c6 8. h3 Qc7 9. Be3 h6 10. a5 Re8 11. Re1 Nf8 12. Bb3 Ng6 13. d5 c5 14. Nd2 Nh7 15. a6 bxa6 16. Bc4 Bg5 17. Bxa6 Bxe3 18. Rxe3 Nf4 19. Nc4 Bd7 20. Nb5 Bxb5 21. Bxb5 Rf8 22. Bc6 Rad8 23. Rea3 Qe7 24. Rxa7 Qf6 25. Qg4 h5 26. Qf3 Ng5 27. Qe3 Qg6 28. Kh2 h4 29. Rg1 Nxe4 30. g3 hxg3+ 31. fxg3 Nh5 32. g4 Nf4 33. Ra3 Ng5 34. Qf2 Qh7 35. h4 f5 36. Qe1 fxg4 37. Rxg4 Qxc2+ 38. Nd2 Ne4 39. Ra7 g6 40. Qxe4 Qxd2+ 41. Kg3 Rf6 42. Bd7 Rdf8 43. Be6+ Kh8 44. h5 Nxh5+ 45. Kh4 Rxe6 46. dxe6 Qf2+ 47. Kg5 Qd2+ 48. Kh4 Qf2+ 49. Kg5 Qd2+ 50. Kh4 Qf2+ 51. Kg5 Qd2+ 52. Kh4 Qf2+ 53. Kg5 Qf6+ 54. Kh6 1/2-1/2


[Site "http://www.Chess.com"]

[Event "FIDE World Rapid Chess Championship 2021"]
[White "Dragnev, Valentin"]
[Black "Gagunashvili, Merab"]
[WhiteFideId "1634852"]
[BlackFideId "13601652"]
[WhiteElo "2409"]
[BlackElo "2538"]
[Result "1/2-1/2"]
[Round "03"]
[TimeControl "900+10"]
[Date "2021.12.26"]
[WhiteClock "0:02:21"]
[BlackClock "0:01:02"]

1. d4 Nf6 2. c4 e6 3. Nc3 Bb4 4. Qc2 O-O 5. a3 Bxc3+ 6. Qxc3 d5 7. Bg5 c5 8. cxd5 cxd4 9. Qxd4 Nc6 10. Qh4 Qa5+ 11. b4 Qxd5 12. Bxf6 gxf6 13. Rd1 Qg5 14. Qg3 e5 15. Nf3 Qg7 16. e3 Bg4 17. Be2 Rfd8 18. Nd2 Bf5 19. Qxg7+ Kxg7 20. g4 Be6 21. Bf3 Rd3 22. Ra1 Rad8 23. Nf1 Nd4 24. exd4 Rxf3 25. dxe5 fxe5 26. Ne3 Rf4 27. Rg1 Rd3 28. Rg3 Rb3 29. Nf5+ Kf6 30. Rxb3 Bxb3 31. Ne3 Be6 32. Rc1 a5 33. bxa5 Ra4 34. Rc5 Rxa3 35. h4 h6 36. Ke2 Rb3 37. Kf3 b6 38. axb6 Rxb6 39. Kg3 Ra6 40. Rc3 Rb6 41. Ra3 Rc6 42. Ra8 Rd6 43. Rg8 Rd4 44. h5 Ra4 45. f3 Ra1 46. Ng2 Ra3 47. g5+ hxg5 48. h6 Bf5 49. Kf2 Ra2+ 50. Kg3 Ra3 51. Kf2 Ra1 52. Ne3 Rh1 53. Nd5+ Ke6 54. Nc7+ Kd7 55. Rxg5 Kxc7 56. Rxf5 Rxh6 57. Rxf7+ 1/2-1/2


[Site "http://www.Chess.com"]

[Event "FIDE World Rapid Chess Championship 2021"]
[White "Zilka, Stepan"]
[Black "Holm, Kristian Stuvik"]
[WhiteFideId "315303"]
[BlackFideId "1508083"]
[WhiteElo "2474"]
[BlackElo "2409"]
[Result "1/2-1/2"]
[Round "03"]
[TimeControl "900+10"]
[Date "2021.12.26"]
[WhiteClock "0:04:18"]
[BlackClock "0:01:30"]

1. d4 Nf6 2. Nf3 d5 3. Bf4 c5 4. e3 Nc6 5. Nbd2 e6 6. c3 Be7 7. Ne5 Nd7 8. Nxd7 Bxd7 9. Be2 Qb6 10. Qb3 O-O 11. O-O Rfc8 12. Rac1 Na5 13. Qxb6 axb6 14. a3 Ba4 15. h3 h6 16. Rfe1 Nb3 17. Nxb3 Bxb3 18. Bf3 Kf8 19. Be5 b5 20. dxc5 Bxc5 21. e4 f6 22. Bd4 Bxd4 23. cxd4 Kf7 24. g3 Rc6 25. exd5 exd5 26. Rc2 Rc5 27. Rxc5 1/2-1/2


[Site "http://www.Chess.com"]

[Event "FIDE World Rapid Chess Championship 2021"]
[White "Kolosowski, Mateusz"]
[Black "Carlsson, Pontus"]
[WhiteFideId "1129708"]
[BlackFideId "1705814"]
[WhiteElo "2371"]
[BlackElo "2436"]
[Result "1-0"]
[Round "03"]
[TimeControl "900+10"]
[Date "2021.12.26"]
[WhiteClock "0:03:16"]
[BlackClock "0:00:18"]

1. e4 c5 2. Nf3 d6 3. Bb5+ Bd7 4. Bxd7+ Qxd7 5. O-O Nf6 6. Qe2 Nc6 7. c3 e6 8. d4 cxd4 9. cxd4 d5 10. e5 Ng8 11. Nc3 Nge7 12. Rd1 Nc8 13. h4 Nb6 14. h5 h6 15. a4 Bb4 16. Rd3 Na5 17. Nb5 a6 18. Nd6+ Bxd6 19. exd6 Qxd6 20. b3 Nc6 21. Ba3 Qf4 22. Rc1 Nd7 23. Rdc3 Qg4 24. Rxc6 bxc6 25. Rxc6 Rd8 26. Qxa6 Qf5 27. Rc8 Qf6 28. Ne5 Nb6 29. Qxb6 Rxc8 30. Qb5+ 1-0


[Site "http://www.Chess.com"]

[Event "FIDE World Rapid Chess Championship 2021"]
[White "Aziz, Husain"]
[Black "Baum, Jonasz"]
[WhiteFideId "12100293"]
[BlackFideId "1195360"]
[WhiteElo "2430"]
[BlackElo "2343"]
[Result "0-1"]
[Round "03"]
[TimeControl "900+10"]
[Date "2021.12.26"]
[WhiteClock "0:00:16"]
[BlackClock "0:03:44"]

1. e4 c6 2. d4 d5 3. e5 c5 4. dxc5 e6 5. a3 Bxc5 6. Nf3 f6 7. b4 Be7 8. Bb2 a5 9. b5 Nd7 10. Nbd2 Nh6 11. Bd3 Nf7 12. exf6 Bxf6 13. Bxf6 Qxf6 14. O-O e5 15. c4 e4 16. Bxe4 dxe4 17. Nxe4 Qh6 18. c5 O-O 19. Rc1 Nf6 20. Nd6 Bg4 21. Nxb7 Ng5 22. Qb3+ Be6 23. Qe3 Nxf3+ 24. Qxf3 Bd5 25. Qg3 Bxb7 26. c6 Bc8 27. b6 Ba6 28. Rfe1 Rae8 29. b7 Nd5 30. Red1 Nf4 31. Kh1 Nd3 32. c7 Nxf2+ 33. Qxf2 Bxb7 0-1


[Site "http://www.Chess.com"]

[Event "FIDE World Rapid Chess Championship 2021"]
[White "Nevednichy, Vladislav"]
[Black "Asadli, Vugar"]
[WhiteFideId "1205730"]
[BlackFideId "13405764"]
[WhiteElo "2425"]
[BlackElo "2309"]
[Result "0-1"]
[Round "03"]
[TimeControl "900+10"]
[Date "2021.12.26"]
[WhiteClock "0:00:14"]
[BlackClock "0:00:28"]

1. d4 Nf6 2. c4 e6 3. Nf3 b6 4. g3 Bb7 5. Bg2 g6 6. O-O Bg7 7. Nc3 Ne4 8. Bd2 O-O 9. Nxe4 Bxe4 10. Bc3 Nc6 11. Qa4 Ne7 12. Rac1 d6 13. Rfd1 Qc8 14. Bh3 Qb7 15. Nd2 Bc6 16. Qc2 Rad8 17. d5 Bd7 18. Bxg7 Kxg7 19. dxe6 Bxe6 20. Qc3+ Kg8 21. Bg2 d5 22. cxd5 Bxd5 23. e4 Bc6 24. Qf6 Rfe8 25. Nf3 Rxd1+ 26. Rxd1 Nf5 27. Ne5 Nd6 28. Nxc6 Qxc6 29. e5 Qc2 30. Re1 Qxb2 31. Qf4 Qc3 32. Re3 Qc1+ 33. Bf1 Nf5 34. e6 fxe6 35. Qa4 c6 36. Rd3 a5 37. Rd7 Re7 38. Rd8+ Kg7 39. Qb3 b5 40. Rd1 Qc5 41. Qd3 e5 42. Qd8 Nd4 43. Qxa5 Rf7 44. Bg2 Rxf2 45. Kh1 Qc2 46. Qc7+ Kh6 47. Rg1 Nf3 48. Qe7 Nxg1 49. Qh4+ Kg7 50. Qe7+ Rf7 51. Qxe5+ Kf8 52. Qb8+ Ke7 53. Qc7+ Ke6 54. Bd5+ Kxd5 55. Qxf7+ Kc5 56. Kxg1 Qd1+ 57. Kf2 Qd2+ 58. Kg1 Qd4+ 59. Kf1 Qc4+ 0-1


[Site "http://www.Chess.com"]